 Dungeon Crawl Stone Soup version 0.26-a0-651-gb41185065b (webtiles) character file.

Game seed: 12094061298251957129

0 nicanaca0 the Sneak (level 1, -7/11 HPs)
             Began as a Spriggan Delver on Oct 22, 2020.
             Was an Initiate of Wu Jian.
             Killed from afar by Blork the orc (11 damage)
             ... with a magic dart
             ... on level 5 of the Dungeon.
             The game lasted 00:03:09 (267 turns).

nicanaca0 the Sneak (Spriggan Delver)                Turns: 267, Time: 00:03:10

Health: -7/11      AC:  2    Str:  8    XL:     1   Next: 8%
Magic:  2/2        EV: 18    Int: 11    God:    Wu Jian [......]
Gold:   0          SH:  0    Dex: 17    Spells: 0/0 levels left

rFire    . . .     SeeInvis +   a - +0 short sword
rCold    . . .     Faith    .   (shield restricted)
rNeg     . . .     Spirit   .   b - +0 robe
rPois    .         Reflect  .   (helmet restricted)
rElec    .         Harm     .   (no cloak)
rCorr    .         Rampage  .   (gloves unavailable)
MR       .....                  (boots unavailable)
Stlth    ++++......             (no amulet)
HPRegen  0.03/turn              (no ring)
MPRegen  0.08/turn              (no ring)

@: hasted, very quick
A: very small, unfitting armour, see invisible, speed 3
a: Renounce Religion


You were on level 5 of the Dungeon.
You worshipped Wu Jian.
Wu Jian was noncommittal.
You visited 2 branches of the dungeon, and saw 2 of its levels.

Inventory:

Hand Weapons
 a - a +0 short sword (weapon)
Armour
 b - a +0 robe (worn)
Wands
 g - a wand of digging (3)
Scrolls
 c - a scroll of fog
 d - a scroll of magic mapping
 e - a scroll of fear
 h - a scroll of identify {unknown}


   Skills:
 - Level 2.4 Fighting
 + Level 2.1 Short Blades
 + Level 3.0 Dodging
 * Level 7.3 Stealth


You couldn't memorise any spells.
You didn't know any spells.
Your spell library was empty.

Dungeon Overview and Level Annotations

Branches:
Dungeon (5/15)             Temple (1/1) D:5

Altars:
Elyvilon
Fedhas
Hepliaklqana
Kikubaaqudgha
Nemelex Xobeh
Qazlal
Ru
Vehumet
Wu Jian
Yredelemnul

Annotations:
D:5 Blork the orc, Menkaure
Temple Edmund


Innate Abilities, Weirdness & Mutations

You are very small and have problems with some larger weapons.
You are too small for most types of armour.
You have supernaturally acute eyesight. (SInv)
You cover ground extremely quickly.


Message History

Blork the orc is lightly wounded.
Blork the orc barely misses you.
You closely miss Blork the orc.
Blork the orc is lightly wounded.
Blork the orc misses you.
You hit Blork the orc.
Blork the orc is lightly wounded.
Blork the orc hits you with a +0 scimitar!
Ouch! That really hurt!
You barely miss Blork the orc.
Blork the orc is lightly wounded.
Blork the orc completely misses you.
You hit Blork the orc but do no damage.
Blork the orc is lightly wounded.
You hit Blork the orc.
Blork the orc is moderately wounded.
Blork the orc casts a spell at you. The magic dart hits you!
Ouch! That really hurt!
You die...

###.....(...#
#.......#..##
#.#.##.##....
#.#.######.##
#.#....# #.#
#.####.# #.##
#.# #.###...
############.#
#.......
......o@.....#
########
############.#
###


You could see Blork the orc (fast).

Vanquished Creatures
  A leopard gecko skeleton (D:5)
1 creature vanquished.

Notes
Turn   | Place    | Note
-------+----------+-------------------------------------------
     0 | D:5      | nicanaca0 the Spriggan Delver began the quest for the Orb.
     0 | D:5      | Reached XP level 1. HP: 11/11 MP: 2/2
     4 | D:5      | Noticed Edmund
    30 | Temple   | Entered the Ecumenical Temple
   116 | Temple   | Became a worshipper of the Wu Jian Council
   135 | D:5      | Noticed an ice beast
   188 | D:5      | Noticed Menkaure
   254 | D:5      | Noticed Blork the orc
   267 | D:5      | Killed from afar by Blork the orc

Illustrated notes

Levels and vault maps discovered:
D:5:      layout_basic, gammafunk_temple_overflow_statue,
          minmay_temple_entry_butterflies, minmay_quadrilaterals,
          uniq_blork_the_orc, uniq_edmund, uniq_duvessa, uniq_menkaure
Temple:   eino_wide_crystal_templ

Action                   || total
-------------------------++-------
Melee: Short sword       ||    13
  Use: Potion            ||     1
Dodge: Dodged            ||    10

Table legend: (Time is in decaauts)
 A = Elapsed time spent in this place.
 B = Non-inter-level travel time spent in this place.
 C = Inter-level travel time spent in this place.
 D = Time resting spent in this place.
 E = Time spent auto-exploring this place.
 F = Levels seen in this place.
 G = Mean time per level.
                   A        B        C        D        E       F      G
               +--------+--------+--------+--------+--------+-----+--------+
         Total |    164 |    159 |      5 |      0 |     50 |   2 |   82.0 |
       Dungeon |    107 |    107 |      0 |      0 |     50 |   1 |  107.0 |
        Temple |     57 |     52 |      5 |      0 |      0 |   1 |   57.0 |
               +--------+--------+--------+--------+--------+-----+--------+

Top non-repeatable levels by time:
     D:5: 107 daAuts
  Temple: 57 daAuts
